 Dungeon Crawl Stone Soup version 0.30.1-11-g7821555f0a (webtiles) character file.

Game seed: 5910052734549850493

18226 groovy9 the Severer (level 12, -8/112 HPs)
             Began as a Minotaur Berserker on Jan 13, 2024.
             Was an Elder of Trog.
             Mangled by a catoblepas (13 damage)
             ... on level 2 of the Lair of Beasts.
             The game lasted 00:33:25 (10024 turns).

groovy9 the Severer (Minotaur Berserker)           Turns: 10024, Time: 00:33:25

Health: -8/112     AC: 18    Str: 26    XL:     12   Next: 25%
Magic:  11/11      EV:  7    Int:  4    God:    Trog [****..]
Gold:   912        SH: 14    Dex: 11    Spells: 11/11 levels left

rFire   . . .        a - +1 hand axe (vamp)
rCold   . . .        n - +0 tower shield
rNeg    . . .        G - +0 plate armour
rPois   +            (helmet restricted)
rElec   .            k - +0 cloak
rCorr   .            (no gloves)
SInv    .            l - +0 pair of boots of Nisaskoo {+Inv Fly}
Will    +....        w - amulet of reflection Stlth
                     i - ring of willpower
HPRegen 0.38/turn    r - ring of poison resistance
MPRegen 0.12/turn

%: reflection
@: about to teleport, on berserk cooldown, flying, slowed, studying Short
Blades, very slow
A: horns 2, retaliatory headbutt
a: Renounce Religion, Evoke Invisibility, Berserk, Trog's Hand, Brothers in Arms


You were on level 2 of the Lair of Beasts.
You worshipped Trog.
Trog was greatly pleased with you.
You visited 3 branches of the dungeon, and saw 12 of its levels.

You collected 996 gold pieces.
You spent 84 gold pieces at shops.

Inventory:

Hand Weapons
 a - a +1 vampiric hand axe (weapon)
 f - a +1 hand axe of flaming
 B - a +1 heavy battleaxe
Missiles
 m - 2 throwing nets (quivered)
Armour
 k - a +0 cloak (worn)
 l - the +0 pair of boots of Nisaskoo (worn) {+Inv Fly}
   (You found it on level 6 of the Dungeon)

   +Inv:      It lets you turn invisible.
   Fly:       It grants you flight.
 n - a +0 tower shield (worn)
 G - a +0 plate armour (worn)
Jewellery
 h - an amulet of regeneration
 i - a ring of willpower (left hand)
 r - a ring of poison resistance (right hand)
 w - an amulet of reflection (around neck)
 y - a ring of ice
 I - a ring of magical power
Wands
 g - a wand of polymorph (6)
 j - a wand of digging (5)
 t - a wand of charming (7)
 u - a wand of iceblast (9)
 x - a wand of light (7)
 D - a wand of flame (6)
Scrolls
 c - 3 scrolls of teleportation
 d - 7 scrolls of identify
 e - 3 scrolls of enchant weapon
 o - a scroll of fog
 p - 4 scrolls of enchant armour
 v - a scroll of poison
 H - a scroll of magic mapping
Potions
 b - a potion of flight
 q - a potion of haste
 s - a potion of mutation
 z - a potion of might
 A - a potion of resistance
 C - 3 potions of curing
 E - 4 potions of lignification
 F - a potion of invisibility


   Skills:
 + Level 11.9 Fighting
 * Level 16.1 Axes
 + Level 11.6 Armour
 - Level 8.7 Dodging


You had 11 spell levels left.
You didn't know any spells.
Your spell library was empty.

Dungeon Overview and Level Annotations

Branches:
Dungeon (9/15)             Temple (0/1) D:4            Lair (2/5) D:8
 Shoals (0/4) Lair:2        Snake (0/4) Lair:2          Orc (1/2) D:9

Altars:
Fedhas
Kikubaaqudgha
Ru
Vehumet

Shops:
D:7 ?

Annotations:
Lair:2 2 transporters


Innate Abilities, Weirdness & Mutations

You have a pair of horns on your head.
You reflexively headbutt those who attack you in melee.


Message History

You are engulfed in calcifying dust.
The catoblepas gores you.
You completely miss the komodo dragon.
The komodo dragon is moderately wounded.
You hit the catoblepas but do no damage.
The komodo dragon bites you!! You block the catoblepas's attack.
Your limbs are stiffening.
You closely miss the komodo dragon. Your headbutt misses the komodo dragon.
The komodo dragon is moderately wounded.
You hit the catoblepas. You block the komodo dragon's attack.
The catoblepas gores you!!
You have turned to stone.
The komodo dragon bites you!
The catoblepas gores you but does no damage.
The komodo dragon bites you!! The catoblepas gores you!
You feel the effects of Trog's Hand fading.
The komodo dragon bites you but does no damage.
The catoblepas gores you!
The komodo dragon bites you but does no damage.
The catoblepas gores you!!
The komodo dragon bites you but does no damage.
The catoblepas gores you but does no damage.
You are no longer berserk.
You feel yourself slow down. The komodo dragon bites you!
The catoblepas gores you!!
* * * LOW HITPOINT WARNING * * *
The komodo dragon bites you!
* * * LOW HITPOINT WARNING * * *
The catoblepas gores you!
* * * LOW HITPOINT WARNING * * *
Your skin stops crawling.
You feel less strong-willed. The komodo dragon bites you!
* * * LOW HITPOINT WARNING * * *
The catoblepas gores you.
The komodo dragon bites you but does no damage.
The catoblepas gores you!!
* * * LOW HITPOINT WARNING * * *
You turn to flesh and can move again.
As you read the scroll of teleportation, it crumbles to dust.
You feel strangely unstable. You block the komodo dragon's attack.
The catoblepas gores you!
You die...

. .. #####
...###P..#### #
#.......... ...#
##......#.# .....
........[###.....
#.#.#.###.@Y...... ##.
##..l...... #..
#..........
#.######.......... .##
#...#............. ....
#...#.............
#..###.........©.##....
#........###########..
#..##....# ○.=Z/.○.


You could see a catoblepas and a komodo dragon.

Vanquished Creatures
  A minotaur (Lair:2)
  Harold (Lair:1)
  The ghost of Fortress the Cruncher, a journeyman DsNe (Lair:2)
  2 two-headed ogres (D:9)
  2 skysharks (Lair:2)
  3 harpies (Lair:2)
  An orc sorcerer (Orc:1)
  A rime drake (Lair:2)
  An unseen horror (D:6)
  5 komodo dragons
  A troll (D:9)
  3 blink frogs (Lair:2)
  Grinder (D:5)
  A hornet (D:6)
  A shadow (D:9)
  10 yaks
  2 wyverns
  A basilisk (Lair:1)
  Grum (D:9)
  4 steam dragons
  A two-headed ogre zombie (D:9)
  2 wargs (Orc:1)
  2 nagas (Lair:2)
  5 water moccasins
  Duvessa (D:5)
  2 orc warriors (Orc:1)
  2 sky beasts (D:7)
  2 black bears
  2 ogres
  11 wolves
  4 centaurs
  3 phantoms
  3 kobold brigands
  8 bullfrogs
  3 gnoll sergeants
  9 wights (D:8)
  Dowan (D:5)
  8 killer bees
  2 electric eels (D:7)
  3 vampire bats (D:6)
  4 howler monkeys
  10 hounds
  2 gnoll boudas (D:5)
  4 jellies
  5 orc priests
  2 sleepcaps (D:6)
  Ijyb (D:5)
  5 orc wizards (Orc:1)
  7 ogre zombies (D:9)
  Robin (D:2)
  24 gnolls (D:5)
  11 adders
  A white imp (D:7)
  2 ufetubi
  30 orcs
  6 bats
  A bat skeleton (D:6)
  5 bat zombies (D:6)
  6 endoplasms
  2 giant cockroaches (D:2)
  17 goblins
  6 hobgoblins
  14 jackals
  3 quokkas
  7 ball pythons
  2 frilled lizards
  3 goblin zombies (D:9)
  6 hobgoblin skeletons (D:9)
  3 hobgoblin zombies (D:9)
  23 kobolds
  3 orc skeletons (D:9)
  10 orc zombies (D:9)
  8 rats
351 creatures vanquished.

Vanquished Creatures (others)
  A kobold (D:8)
1 creature vanquished.

Grand Total: 352 creatures vanquished

Notes
Turn   | Place    | Note
-------+----------+-------------------------------------------
     0 | D:1      | groovy9 the Minotaur Berserker began the quest for the Orb.
     0 | D:1      | Reached XP level 1. HP: 19/19 MP: 0/0
   456 | D:1      | Reached XP level 2. HP: 27/27 MP: 1/1
   471 | D:1      | Reached skill level 4 in Axes
   918 | D:2      | Reached XP level 3. HP: 33/33 MP: 2/2
   982 | D:2      | Found a faded altar of an unknown god.
  1389 | D:2      | Noticed Robin
  1402 | D:2      | Reached ** piety under Trog
  1404 | D:2      | Killed Robin
  1415 | D:2      | Reached XP level 4. HP: 40/40 MP: 3/3
  1743 | D:3      | Found a blossoming altar of Fedhas.
  2360 | D:3      | Reached skill level 5 in Axes
  2477 | D:4      | Noticed a water moccasin
  2488 | D:4      | Killed a water moccasin
  2489 | D:4      | Reached XP level 5. HP: 47/47 MP: 4/4
  2551 | D:4      | Found a staircase to the Ecumenical Temple.
  2665 | D:4      | Noticed a phantom
  2682 | D:4      | Killed a phantom
  2683 | D:4      | Reached skill level 5 in Fighting
  2683 | D:4      | Reached skill level 6 in Axes
  2683 | D:4      | Reached XP level 6. HP: 56/56 MP: 5/5
  2777 | D:4      | Reached XP level 7. HP: 56/61 MP: 6/6
  3055 | D:5      | Entered Level 5 of the Dungeon
  3149 | D:5      | Reached *** piety under Trog
  3229 | D:5      | Reached skill level 7 in Axes
  3257 | D:5      | Reached skill level 5 in Armour
  3332 | D:5      | Noticed Duvessa
  3332 | D:5      | Noticed Dowan
  3353 | D:5      | Killed Dowan
  3355 | D:5      | Killed Duvessa
  3445 | D:5      | Reached XP level 8. HP: 70/70 MP: 7/7
  3450 | D:5      | Reached skill level 5 in Dodging
  3537 | D:5      | Reached skill level 8 in Axes
  3664 | D:5      | Found a sacrificial altar of Ru.
  3817 | D:5      | Noticed Ijyb
  3824 | D:5      | Killed Ijyb
  3839 | D:5      | Noticed Grinder
  3856 | D:5      | Killed Grinder
  3881 | D:5      | Reached skill level 9 in Axes
  4486 | D:6      | Reached XP level 9. HP: 72/79 MP: 8/8
  4549 | D:6      | Killed an unseen horror
  4550 | D:6      | Reached skill level 10 in Axes
  4635 | D:6      | HP: 3/79 [steam dragon/ball of steam (16)]
  4756 | D:6      | Identified the +0 pair of boots of Nisaskoo {+Inv Fly}
  5378 | D:6      | Found an ancient bone altar of Kikubaaqudgha.
  5510 | D:7      | Reached skill level 11 in Axes
  5912 | D:7      | Found Rilis Fee's Magic Scroll Shop.
  5915 | D:7      | Bought a scroll of identify for 28 gold pieces
  5915 | D:7      | Bought a scroll of identify for 28 gold pieces
  5915 | D:7      | Bought a scroll of identify for 28 gold pieces
  6002 | D:7      | Reached XP level 10. HP: 66/90 MP: 9/9
  6584 | D:8      | Reached skill level 12 in Axes
  6698 | D:8      | Found a staircase to the Lair.
  6995 | D:9      | Noticed a two-headed ogre
  7006 | D:9      | Killed a two-headed ogre
  7174 | D:9      | Found a staircase to the Orcish Mines.
  7201 | D:9      | Reached **** piety under Trog
  7266 | D:9      | Reached skill level 13 in Axes
  7367 | D:9      | Noticed a two-headed ogre
  7376 | D:9      | Killed a two-headed ogre
  7433 | D:9      | Noticed Grum
  7447 | D:9      | Killed Grum
  7454 | D:9      | Reached XP level 11. HP: 99/99 MP: 10/10
  7567 | Orc:1    | Entered Level 1 of the Orcish Mines
  7567 | Orc:1    | Noticed an orc sorcerer
  7587 | Orc:1    | Killed an orc sorcerer
  7588 | Orc:1    | Reached skill level 10 in Fighting
  7599 | Orc:1    | Found a radiant altar of Vehumet.
  8113 | Lair:1   | Entered Level 1 of the Lair of Beasts
  8325 | Lair:1   | Reached skill level 14 in Axes
  8325 | Lair:1   | Reached skill level 10 in Armour
  8879 | Lair:1   | Noticed Harold
  8890 | Lair:1   | Killed Harold
  9039 | Lair:2   | Noticed a harpy
  9039 | Lair:2   | Noticed a harpy
  9039 | Lair:2   | Noticed a harpy
  9039 | Lair:2   | Found a staircase to the Shoals.
  9045 | Lair:2   | Killed a harpy
  9046 | Lair:2   | Killed a harpy
  9050 | Lair:2   | Killed a harpy
  9224 | Lair:2   | Noticed a skyshark
  9240 | Lair:2   | Killed a skyshark
  9241 | Lair:2   | Reached skill level 15 in Axes
  9266 | Lair:2   | Noticed a skyshark
  9296 | Lair:2   | Killed a skyshark
  9407 | Lair:2   | Reached XP level 12. HP: 105/110 MP: 11/11
  9722 | Lair:2   | Found a runed translucent gate.
  9722 | Lair:2   | Found a runed translucent gate.
  9722 | Lair:2   | Found a runed translucent gate.
  9725 | Lair:2   | Noticed Fortress's ghost (journeyman DsNe)
  9727 | Lair:2   | Noticed a minotaur
  9739 | Lair:2   | Killed Fortress's ghost
  9751 | Lair:2   | Killed a minotaur
  9752 | Lair:2   | Reached skill level 16 in Axes
  9876 | Lair:2   | Found a staircase to the Snake Pit.
  9944 | Lair:2   | Found a transporter.
  9983 | Lair:2   | Found a transporter.
  9992 | Lair:2   | Noticed a catoblepas
 10023 | Lair:2   | HP: 5/112 [catoblepas (12)]
 10024 | Lair:2   | Mangled by a catoblepas

Illustrated notes

Levels and vault maps discovered:
D:1:      lightli_arrival_isolated_outpost, layout_loops_corners
D:2:      layout_loops_corners, shapermc_ecumenical_altar_starsandcircs,
          uniq_robin
D:3:      layout_basic, mainiacjoe_overflow_concentric_impassable,
          hangedman_decor_points
D:4:      layout_rooms, minmay_temple_entry_mini_moons, st_stairs_1,
          minmay_manual_mail
D:5:      lemuel_castle_with_subvaults [lemuel_castle_interior_carwin_3],
          layout_loops_ring, kennysheep_mini_moat, minmay_misc_feat_alley,
          uniq_grinder, uniq_duvessa, uniq_ijyb
D:6:      layout_loops_cross, kennysheep_vampire_church
D:7:      layout_basic, serial_shops, kennysheep_mini, serial_bayou_ford_a,
          nicolae_kite_square_tiling_tiny
D:8:      layout_basic, lair_entry_dummy
D:9:      layout_roguey, zombieorc2_lemuel, uniq_grum
Lair:1:   layout_loops_ring, nicolae_lair_lil_pond, lemuel_fruit_fields,
          grunt_megastairs_3, infiniplex_staircase_pool_2, uniq_harold
Lair:2:   gammafunk_cloud_chamber, layout_loops_ring,
          nicolae_shoals_entry_roost, guppyfry_snake_entry_garden,
          maelrawn_ghost_gauntlet_escape, gauntlet_entry_generic
Orc:1:    layout_caves, basic_altar

Skill      XL: |  1  2  3  4  5  6  7  8  9 10 11 12 |
---------------+-------------------------------------+-----
Axes           | 4 5 6 7 9 11 13 15 16 | 16.1
Fighting       | 4 5 6 7 8 9 11 | 11.9
Armour         | 3 4 5 6 8 9 11 | 11.6
Dodging        | 3 4 6 7 8 |  8.7

Action                     |  1- 3 |  4- 6 |  7- 9 | 10-12 || total
---------------------------+-------+-------+-------+-------++-------
  Melee: Hand axe          |    77 |    92 |   397 |   512 ||  1078
         Headbutt          |    10 |     7 |    65 |    98 ||   180
 Invoke: Berserk           |     1 |     2 |    10 |    15 ||    28
         Trog's Hand       |       |     2 |    11 |    16 ||    29
    Use: Scroll            |     4 |     4 |     7 |     4 ||    19
         Potion            |     3 |     5 |     5 |     1 ||    14
   Stab: Held in net/web   |       |       |       |     1 ||     1
 Armour: Ring mail         |    25 |    34 |    33 |       ||    92
         Leather armour    |       |       |    38 |       ||    38
         Scale mail        |       |       |    79 |    90 ||   169
         Plate armour      |       |       |       |   129 ||   129
  Dodge: Dodged            |    47 |    41 |   182 |   123 ||   393
  Block: Tower shield      |       |    56 |   220 |   379 ||   655
         Reflection        |       |       |       |    11 ||    11
